 Dungeon Crawl Stone Soup version 0.17.2-1-ge4368a0 (webtiles) character file.

63 Goblin1989 the Insei (level 4, 0/28 HPs)
             Began as an Octopode Transmuter on Sept 27, 2016.
             Slain by an adder (2 damage)
             ... on level 2 of the Dungeon.
             The game lasted 00:04:04 (1545 turns).

Goblin1989 the Insei (Octopode Transmuter)          Turns: 1545, Time: 00:04:05

Health: 0/28       AC:  1    Str:  9    XL:     4   Next: 9%
Magic:  7/7        EV: 12    Int: 16    God:
Gold:   33         SH:  0    Dex: 12    Spells: 2 memorised, 4 levels left

rFire  . . .     SeeInvis .       - Unarmed
rCold  . . .     Clarity  .     (no shield)
rNeg   . . .     SustAt   .     (helmet restricted)
rPois  .         Gourm    .     (no amulet)
rElec  .         Spirit   .     (no ring)
rCorr  .         Warding  .     (no ring)
rMut   .         Stasis   .     (no ring)
MR     .....                    (no ring)
Stlth  ++........               (no ring)
                                (no ring)
                                (no ring)
                                (no ring)

@: lethally poisoned (0 -> -5), appendage (expiring), not resistant to hostile
enchantments, unstealthy
A: almost no armour, amphibious, 8 rings, constrict 8, tentacle spike 3,
camouflage 1, gelatinous body 1
a: End Transformation


You were on level 2 of the Dungeon.
You were near starving.
One of your tentacles had a temporary spike.
You visited 1 branch of the dungeon, and saw 2 of its levels.

You collected 33 gold pieces.

Inventory:

Missiles
 a - 44 arrows
Scrolls
 d - a scroll of random uselessness {unknown}
 e - 2 scrolls of blinking {unknown}
 g - a scroll of identify {unknown}
 i - 2 scrolls of immolation {unknown}
 k - a scroll of magic mapping {unknown}
Potions
 j - a potion of haste {unknown}
Books
 b - a book of Changes

   Spells                             Type                      Level
   a - Beastly Appendage              Transmutation                1
   b - Sticks to Snakes               Transmutation                2
   c - Spider Form                    Transmutation/Poison         3
   d - Ice Form                       Ice/Transmutation            4
   e - Blade Hands                    Transmutation                5
Comestibles
 c - a bread ration
 f - 4 meat rations


   Skills:
 - Level 1.0 Fighting
 - Level 2.0 Dodging
 * Level 4.6 Unarmed Combat
 - Level 2.0 Spellcasting
 + Level 2.4 Transmutations


You had 4 spell levels left.
You knew the following spells:

 Your Spells              Type           Power        Failure   Level  Hunger
a - Beastly Appendage     Trmt           #.....       10%         1    #......
b - Sticks to Snakes      Trmt           #.........   14%         2    ###....


Dungeon Overview and Level Annotations

Branches:
Dungeon (2/15)

Altars:


Innate Abilities, Weirdness & Mutations

You cannot wear most types of armour.
You are amphibious.
You can wear up to eight rings at the same time.
You can use your tentacles to constrict eight enemies at once.
Your skin changes colour to match your surroundings (Stealth).
Your rubbery body absorbs attacks (AC +1).
One of your tentacles bears a large vicious spike.


Message History

You are too injured to fight recklessly!
You are too injured to fight recklessly!
You are too injured to fight recklessly!
You are too injured to fight recklessly!
You are too injured to fight recklessly!
You are too injured to fight recklessly!
You are too injured to fight recklessly!
You are too injured to fight recklessly!
You are too injured to fight recklessly!
You are too injured to fight recklessly!
You are too injured to fight recklessly!
The adder bites you.
* * * LOW HITPOINT WARNING * * *
You closely miss the adder. Your grab misses the adder.
The adder is almost dead.
The adder bites you.
* * * LOW HITPOINT WARNING * * *
You are lethally poisoned!
The adder poisons you! The adder bites you.
You die...

....... ਜਜਜਜਜਜਜ.ਜ.ਜਜ
........... ............
ਜ..........ਜ ਜਜਜਜਜਜਜ.ਜ...
ਜ..........ਜ ਜਜਜਜ.ਜਜਜਜ
ਜ..........ਜ ਜ......ਜ.
ਜ..........ਜ ਜਜ...ਜ)ਜ.
ਜ..........ਜਜਜਜਜਜਜਜਜਜਜ.ਜ.
ਜ......w...∆.............
ਜ......S@..ਜਜਜਜਜਜਜਜਜਜਜ.ਜ.
ਜ..........ਜ ਜ.ਜ.
ਜ..........ਜ ਜ.ਜ.
ਜ..........ਜ ਜ.ਜ.


ਜਜਜਜਜਜਜਜਜਜਜਜ ਜ.ਜਜ ਜਜ.ਜਜ ਜ.... ਜਜਜਜਜ You could see a worm and an adder.

Vanquished Creatures
  An adder (D:2)
  An ooze (D:2)
  A giant gecko (D:2)
  3 giant cockroaches
  6 goblins
  7 hobgoblins
  3 jackals (D:2)
  4 kobolds (D:1)
  5 bats
  8 giant newts (D:1)
  4 rats
43 creatures vanquished.

Vanquished Creatures (collateral kills)
  An adder (D:2)
  A rat (D:2)
2 creatures vanquished.

Grand Total: 45 creatures vanquished

Notes
Turn   | Place    | Note
--------------------------------------------------------------
     0 | D:1      | Goblin1989 the Octopode Transmuter began the quest for the Orb.
     0 | D:1      | Reached XP level 1. HP: 13/13 MP: 3/3
    57 | D:1      | Reached XP level 2. HP: 15/18 MP: 3/5
   378 | D:1      | Reached skill level 4 in Unarmed Combat
   498 | D:1      | Reached XP level 3. HP: 23/23 MP: 6/6
   723 | D:2      | Learned a level 2 spell: Sticks to Snakes
  1197 | D:2      | Reached XP level 4. HP: 17/28 MP: 5/7
  1545 | D:2      | Slain by an adder

Action                   |  1- 3 |  4- 6 || total
-------------------------+-------+-------++-------
Melee: Unarmed           |    78 |    16 ||    94
 Cast: Beastly Appendage |    10 |     4 ||    14
       Sticks to Snakes  |     4 |       ||     4
 Stab: Sleeping          |     3 |     2 ||     5
       Distracted        |     1 |       ||     1
  Eat: Chunk             |     1 |       ||     1

Vault maps used:
D:1:      sevenhm_arrival_forest_fort_small_4, serial_forest,
          infiniplex_forest_clump_long, infiniplex_forest_straight_4,
          infiniplex_forest_clump_curved, infiniplex_forest_lined_room_,
          infiniplex_forest_clump_tiny, infiniplex_forest_straight_5,
          infiniplex_forest_lined_3, minmay_newt_pond
D:2:      grunt_qazlal_sundering
